 Dungeon Crawl Stone Soup version 0.19-b1-3-g7dea586 (webtiles) character file.

130 Ladykiller69 the Charmwright (level 4, -4/29 HPs)
             Began as a High Elf Skald on Oct 28, 2016.
             Slain by Grinder (8 damage)
             ... on level 3 of the Dungeon.
             The game lasted 00:08:55 (2928 turns).

Ladykiller69 the Charmwright (High Elf Skald)       Turns: 2928, Time: 00:08:55

Health: -4/29      AC:  4    Str: 11    XL:     4   Next: 90%
Magic:  9/9        EV: 12    Int: 16    God:
Gold:   103        SH:  0    Dex: 15    Spells: 3 memorised, 3 levels left

rFire  . . .     SeeInvis .     a - +0 falchion
rCold  . . .     Gourm    .     b - +1 leather armour
rNeg   . . .     Faith    .     (no shield)
rPois  .         Spirit   .     (no helmet)
rElec  .         Reflect  .     (no cloak)
rCorr  .         Harm     .     (no gloves)
MR     .....                    (no boots)
Stlth  +.........               (no amulet)
                                (no ring)
                                (no ring)

@: no status effects
A: no striking features
a: no special abilities


You were on level 3 of the Dungeon.
You were not hungry.

You visited 1 branch of the dungeon, and saw 3 of its levels.

You collected 103 gold pieces.

Inventory:

Hand Weapons
 a - a +0 falchion (weapon)
 l - a +0 dagger of electrocution
Armour
 b - a +1 leather armour (worn)
Wands
 n - a wand of random effects (43/48)
Scrolls
 f - 2 scrolls of recharging
 h - 2 scrolls of fog {unknown}
 i - a scroll of noise {unknown}
 j - 2 scrolls of identify {unknown}
Potions
 k - a potion of resistance {unknown}
 m - 3 potions of haste {unknown}
 p - a potion of berserk rage {unknown}
Books
 c - a book of Battle

   Spells                             Type                      Level
   a - Infusion                       Charms                       1
   b - Shroud of Golubria             Charms/Translocation         2
   c - Song of Slaying                Charms                       2
   d - Spectral Weapon                Hexes/Charms                 3
   e - Regeneration                   Charms/Necromancy            3
Comestibles
 d - 2 bread rations
 g - a meat ration
 o - 7 chunks of flesh


   Skills:
 - Level 2.1 Fighting
 - Level 4.0 Long Blades
 - Level 1.1 Armour
 - Level 2.0 Dodging
 - Level 3.0 Spellcasting
 + Level 0.6 Hexes
 * Level 4.8 Charms


You had 3 spell levels left.
You knew the following spells:

 Your Spells              Type           Power        Failure   Level  Hunger
a - Infusion              Chrm           ###.         3%          1    #......
b - Shroud of Golubria    Chrm/Tloc      ##........   14%         2    ##.....
c - Spectral Weapon       Hex/Chrm       ##......     24%         3    ###....


Dungeon Overview and Level Annotations

Branches:
Dungeon (3/15)

Altars:
Elyvilon

Annotations:
D:3 Grinder, Ijyb


Message History

Grinder closely misses you.
Evoke which item? (* to show all) (? for menu, Esc to quit)
Zapping:
n - a wand of random effects {recharged} (will waste charges)
Press: ? - help, Shift-Dir - straight line, f - Grinder
Aim: Grinder Grinder flickers and vanishes!
Deactivating autopickup; reactivate with Ctrl-A.
Evoking this partially-identified wand wasted a few charges.
Ijyb grins evilly.
The goblin shoots a stone.
The stone hits you. Something hits you.
You writhe in agony.
* * * LOW HITPOINT WARNING * * *
Evoke which item? (* to show all) (? for menu, Esc to quit)
Zapping:
n - a wand of random effects {zapped: 3} (will waste charges)
Press: ? - help, Shift-Dir - straight line, f - Ijyb
Aim: Ijyb, wielding a dagger and carrying a wand of lightning {zapped: 1} Nothing appears to happen.
Evoking this partially-identified wand wasted a few charges.
Something hits you!
You die...

.................###.....
.........................
........##.............#.
.........##.............#.
.........######.........#.
........#...............#.
.........(.....##.........
....................>.....
........{@.รท..............
........(##..............#
..##...(##..............#
.....#..$#..........
.....#.gg#.>....###. ...
#...#......# #............
.............. .........


You could see Ijyb and a goblin.

Vanquished Creatures
  4 adders
  3 gnolls (D:2)
  A worm (D:2)
  2 dart slugs
  A leopard gecko (D:3)
  A ball python (D:3)
  3 giant cockroaches
  6 hobgoblins
  2 jackals
  2 quokkas
  6 bats (D:1)
  6 frilled lizards
  10 goblins
  7 kobolds
  3 rats
57 creatures vanquished.

Vanquished Creatures (others)
  A quokka (D:3)
1 creature vanquished.

Grand Total: 58 creatures vanquished

Notes
Turn   | Place    | Note
-------+----------+-------------------------------------------
     0 | D:1      | Ladykiller69 the High Elf Skald began the quest for the Orb.
     0 | D:1      | Reached XP level 1. HP: 14/14 MP: 4/4
     8 | D:1      | Reached skill level 1 in Armour
   434 | D:1      | Reached XP level 2. HP: 13/19 MP: 2/6
   655 | D:1      | Learned a level 2 spell: Shroud of Golubria
   937 | D:1      | Reached XP level 3. HP: 19/24 MP: 8/8
  1361 | D:2      | Learned a level 3 spell: Spectral Weapon
  1694 | D:2      | Reached XP level 4. HP: 21/29 MP: 4/9
  2825 | D:3      | Found a white marble altar of Elyvilon.
  2917 | D:3      | Noticed Grinder
  2919 | D:3      | Noticed Ijyb
  2923 | D:3      | Paralysed by Grinder for 2 turns
  2928 | D:3      | Slain by Grinder

Skill      XL: |  1  2  3  4 |
---------------+-------------+-----
Armour         | 1 |  1.1
Long Blades    | 3 4 |  4.0
Charms         | 4 |  4.8
Dodging        | 2 |  2.0
Spellcasting   | 3 |  3.0
Fighting       | |  2.1
Hexes          | |  0.6

Action                   |  1- 3 |  4- 6 || total
-------------------------+-------+-------++-------
Melee: Falchion          |    94 |    73 ||   167
 Cast: Infusion          |     5 |     2 ||     7
       Shroud of Golubri |     2 |     4 ||     6
       Spectral Weapon   |       |     5 ||     5
Evoke: Wand              |       |     2 ||     2
  Use: Scroll            |       |     2 ||     2
 Stab: Sleeping          |       |     2 ||     2
       Distracted        |       |     1 ||     1
  Eat: Chunk             |     2 |     6 ||     8
Armor: Leather armour    |    35 |    18 ||    53
Dodge: Dodged            |    55 |    48 ||   103
       Rpst.: Falchion   |    15 |    19 ||    34
